 Dungeon Crawl Stone Soup version bcrawl-1.19.1 (webtiles) character file.

Game seed: 7607715867529939728

119 Freyura the Slasher (level 4, -1/34 HPs)
             Began as a Demonspawn Gladiator on Dec 16, 2019.
             Slain by a worm (6 damage)
             ... on level 3 of the Dungeon.
             The game lasted 00:06:16 (2629 turns).

Freyura the Slasher (Demonspawn Gladiator)          Turns: 2629, Time: 00:06:17

Health: -1/34      AC:  7    Str: 15    XL:     4   Next: 73%
Magic:  4/4        EV: 12    Int:  9    God:
Gold:   172        SH:  1    Dex: 15    Spells: 3/3 levels left

rFire    . . .     SeeInvis .   a - +1 long sword
rCold    . . .     Gourm    .   (no shield)
rNeg     + . .     Faith    .   e - +0 ring mail
rPois    .         Spirit   .   c - +1 helmet
rElec    .         Reflect  .   (no cloak)
rCorr    .         Harm     .   (no gloves)
MR       .....                  (no boots)
Stlth    ++........             (no amulet)
HPRegen  0.11/turn              l - ring of positive energy
MPRegen  0.09/turn              (no ring)

@: no status effects
A: nightstalker 1
a: no special abilities


You were on level 3 of the Dungeon.
You were hungry.

You visited 1 branch of the dungeon, and saw 3 of its levels.

You collected 172 gold pieces.

Inventory:

Hand Weapons
 a - a +1 long sword (weapon)
 j - a +2 dagger of venom
Missiles
 d - 3 throwing nets (quivered) {!f}
Armour
 b - a +0 leather armour
 c - a +1 helmet (worn)
 e - a +0 ring mail (worn)
Jewellery
 l - a ring of positive energy (left hand)
Scrolls
 g - 2 scrolls of teleportation
Potions
 h - a potion of lignification {unknown}
 i - 2 potions of degeneration {unknown}
 k - a potion of resistance {unknown}
Comestibles
 f - 5 rations {!d}


   Skills:
 + Level 2.7 Fighting
 * Level 3.8 Long Blades
 - Level 1.7 Throwing
 + Level 1.6 Armour
 + Level 3.2 Dodging


You had 3 spell levels left.
You didn't know any spells.
Your spell library was empty.

Dungeon Overview and Level Annotations

Branches:
Dungeon (3/12)

Altars:
Kikubaaqudgha
Nemelex Xobeh


Innate Abilities, Weirdness & Mutations

You are slightly more attuned to the shadows.


Message History

The worm barely misses you.
You completely miss the worm.
The worm is lightly wounded.
You hit the worm but do no damage.
The worm is lightly wounded.
The worm bites you!
* * * LOW HITPOINT WARNING * * *
You slash the worm!
The worm is heavily wounded.
The worm bites you.
* * * LOW HITPOINT WARNING * * *
You hit the worm.
The worm is severely wounded.
You hit the worm but do no damage.
The worm is severely wounded.
The worm misses you.
You barely miss the worm.
The worm is severely wounded.
The worm bites you.
You die...

##. #.# #..#..
#.#.. #####
###.#.# #...
####...#.###.#
##....)#....).#
#......)......##
.......[.......#
.............w@#
......?........#
...............#
............(..#
#.............##
..#.....## #####


You could see a worm.

Vanquished Creatures
  An orc priest (D:3)
  2 adders (D:2)
  2 worms
  A dart slug (D:2)
  2 leopard geckos (D:1)
  3 orcs (D:3)
  A giant cockroach (D:1)
  4 hobgoblins
  7 jackals (D:2)
  2 quokkas (D:2)
  A ball python (D:2)
  7 bats
  2 frilled lizards
  6 goblins
  8 kobolds
  7 rats
56 creatures vanquished.

Notes
Turn   | Place    | Note
-------+----------+-------------------------------------------
     0 | D:1      | Freyura the Demonspawn Gladiator began the quest for the
                  | Orb.
     0 | D:1      | Reached XP level 1. HP: 16/16 MP: 1/1
   677 | D:1      | Gained mutation: You are slightly more attuned to the
                  | shadows. [demonic ancestry]
   677 | D:1      | Reached XP level 2. HP: 22/22 MP: 2/2
   909 | D:1      | HP: 1/22 [frilled lizard (2)]
  1393 | D:1      | Reached XP level 3. HP: 26/28 MP: 3/3
  1843 | D:2      | Reached skill level 1 in Armour
  1968 | D:2      | Found an ancient bone altar of Kikubaaqudgha.
  2138 | D:2      | Found a faded altar of an unknown god.
  2366 | D:2      | Reached XP level 4. HP: 31/34 MP: 4/4
  2473 | D:2      | Found a sparkling altar of Nemelex Xobeh.
  2629 | D:3      | Slain by a worm

Skill      XL: |  1  2  3 |
---------------+----------+-----
Long Blades    | 3 |  3.8
Dodging        | 3 |  3.2
Armour         | 1 |  1.6
Fighting       | |  2.7
Throwing       | |  1.7

Action                   |  1- 3 |  4- 6 || total
-------------------------+-------+-------++-------
Melee: Long sword        |   162 |    34 ||   196
  Use: Potion            |     1 |       ||     1
       Scroll            |     5 |       ||     5
 Stab: Sleeping          |    10 |       ||    10
       Distracted        |     2 |       ||     2
  Eat: Chunk             |     4 |     1 ||     5
Armor: Leather armour    |    33 |       ||    33
       Ring mail         |    20 |    13 ||    33
Dodge: Dodged            |   131 |    41 ||   172
Block: Other             |     3 |       ||     3
